Oilers vs Devils

Created - December 21, 2023 at 22:00

Goals
1 2 3 OT1 T
Oilers 1 2 2 1 6
Devils 3 0 2 0 5
Shots
1 2 3 OT1 T
Oilers 13 20 27 1 61
Devils 11 1 4 0 16

1st period

1. Oilers , Connor McDavid 17 (Yanni Gourde 11) at 0:29
2. Devils , Dougie Hamilton 4 (Adam Henrique 21, Tim Stutzle 18) at 2:18 (PP)
3. Devils , Mike Hoffman 11 (Travis Boyd 10) at 9:55 (PP)
4. Devils , Tim Stutzle 17 (Ryan Suter 13) at 14:16

Penalties :
Nick Schmaltz (EDM) for Roughing (Minor) at 1:49, Jared Spurgeon (EDM) for Tripping (Minor) at 5:34, Sam Bennett (EDM) for Tripping (Minor) at 9:41, Sean Durzi (NJD) for Roughing (Minor) at 10:28

2nd period

5. Oilers , Nick Schmaltz 9 (Rasmus Andersson 17) at 1:31
6. Oilers , Auston Matthews 13 (Nick Schmaltz 12, Brad Marchand 14) at 11:04

Penalties :
Tyler Myers (NJD) for Elbowing (Minor) at 4:15, Sean Durzi (NJD) for Slashing (Minor) at 7:12, Ryan Suter (NJD) for Cross-checking (Minor) at 12:37

3rd period

7. Oilers , J.T. Miller 13 (Sam Reinhart 11, Connor McDavid 13) at 3:56 (PP)
8. Devils , Troy Stecher 4 (Mark Jankowski 5, Chad Ruhwedel 7) at 8:52
9. Devils , Mike Hoffman 12 (Nick Foligno 8, Chad Ruhwedel 8) at 9:14
10. Oilers , J.T. Miller 14 (Matthew Benning 12, Sam Bennett 11) at 18:45

Penalties :
Chad Ruhwedel (NJD) for Tripping (Minor) at 2:11, Adam Erne (NJD) for Interference (Minor) at 2:44, Rafael Harvey-Pinard (NJD) for Hooking (Minor) at 5:54

Overtime #1

11. Oilers , Jared Spurgeon 3 (Auston Matthews 19, Connor McDavid 14) at 0:08

Penalties :
No Penalty

Goalie Stats

Connor Hellebuyck (EDM), 11 saves from 16 shots - (0.688), W, 18-6-1, 60:09 minutes
Jacob Markstrom (NJD), 55 saves from 61 shots - (0.902), OTL, 19-5-4, 60:09 minutes

Players Stats for Oilers

Player Name              G  A  P  +/- PIM S  H  SB GA TA FO     MP     PP MP  PK MP  
------------------------------------------------------------------------------------
Alex Belzile             0  0  0  -1  0   1  0  0  0  0  1/1     7:43   0:00   0:00 
Andre Burakovsky         0  0  0   1  0   3  2  0  0  0  1/2    18:32   6:02   0:00 
Auston Matthews          1  1  2   2  0   8  1  0  0  0  16/24  18:23   7:01   0:00 
Brad Marchand            0  1  1   1  0   5  0  0  0  0  0/2    19:04   7:51   0:00 
Connor McDavid           1  2  3   2  0   7  2  0  0  0  12/22  21:55   9:16   0:00 
Ian Cole                 0  0  0   1  0   1  0  0  0  0  0/0    16:54   0:00   1:24 
J.T. Miller              2  0  2   0  0   6  3  0  0  0  2/4    21:12   6:25   1:22 
Jared Spurgeon           1  0  1   2  2   1  1  1  0  0  0/0    15:21   0:00   0:10 
Joel Kiviranta           0  0  0  -1  0   3  1  0  0  0  0/0     9:03   0:00   1:20 
Matt Roy                 0  0  0  -1  0   0  0  1  0  0  0/0    15:57   0:00   1:39 
Matthew Benning          0  1  1  -1  0   2  2  0  0  0  0/0    18:47   3:11   1:18 
Morgan Rielly            0  0  0   1  0   0  2  0  0  0  0/0    15:30   0:00   0:00 
Nick Schmaltz            1  1  2   1  2   6  0  0  0  0  0/1    17:14   6:02   0:00 
Radek Faksa              0  0  0  -1  0   5  0  1  0  0  2/5     9:05   0:00   1:22 
Rasmus Andersson         0  1  1   1  0   3  4  1  0  0  0/0    15:56   0:00   0:53 
Sam Bennett              0  1  1   0  2   3  2  0  0  0  17/28  18:50   5:26   0:00 
Sam Reinhart             0  1  1   0  0   6  1  0  0  0  0/2    19:50   6:25   0:00 
Yanni Gourde             0  1  1   1  0   1  5  0  0  0  2/6    18:26   4:36   1:20 

Players Stats for Devils

Player Name              G  A  P  +/- PIM S  H  SB GA TA FO     MP     PP MP  PK MP  
------------------------------------------------------------------------------------
Adam Erne                0  0  0   1  2   1  0  0  0  0  2/2     9:05   0:00   3:02 
Adam Henrique            0  1  1  -2  0   0  0  1  0  0  10/24  17:40   1:43   1:08 
Chad Ruhwedel            0  2  2   1  2   2  4  5  0  0  0/0    19:11   0:00   5:10 
Derick Brassard          0  0  0   1  0   1  1  1  0  0  0/0     6:03   0:00   0:00 
Dougie Hamilton          1  0  1  -1  0   1  3  3  0  0  0/0    19:37   1:47   1:06 
Dylan Guenther           0  0  0  -1  0   0  0  0  0  0  0/1    14:40   0:00   0:00 
Marcus Johansson         0  0  0   1  0   1  0  0  0  0  1/2    14:19   1:43   0:00 
Mark Jankowski           0  1  1   1  0   0  0  0  0  0  7/10    9:51   0:00   3:48 
Mike Hoffman             2  0  2  -2  0   3  0  0  0  0  0/0    12:31   0:59   0:00 
Nick Foligno             0  1  1  -2  0   0  1  1  0  0  0/2    11:32   0:00   0:00 
Phillip Di Giuseppe      0  0  0   1  0   1  0  0  0  0  1/2    19:55   0:00   7:19 
Rafael Harvey-Pinard     0  0  0  -1  2   1  1  0  0  0  0/1    15:38   0:59   0:00 
Ryan Suter               0  1  1   0  2   0  2  2  0  0  0/0    20:27   0:00   6:26 
Sean Durzi               0  0  0  -2  4   2  6  2  0  0  0/0    18:32   1:47   0:00 
Tim Stutzle              1  1  2   0  0   1  0  1  0  0  7/17   14:28   1:43   0:00 
Travis Boyd              0  1  1  -2  0   0  1  1  0  0  16/36  20:55   0:59   8:24 
Troy Stecher             1  0  1   1  0   1  1  5  0  0  0/0    21:07   0:55   6:10 
Tyler Myers              0  0  0  -2  2   1  7  1  0  0  0/0    21:10   0:55   6:02 

3 Stars

1 - Connor McDavid (EDM)
2 - J.T. Miller (EDM)
3 - Auston Matthews (EDM)

Power Play

Oilers - 1 on 7 Attempt(s) - 14.29%
Devils - 2 on 3 Attempt(s) - 66.67%

Penalty Kill

Oilers - 1 on 3 Attempt(s) - 33.33% - Score 0 goal in Penalty Kill
Devils - 6 on 7 Attempt(s) - 85.71% - Score 0 goal in Penalty Kill

Team Stat

Oilers - Hits : 26 - Faceoff Wins : 53 - Blocked Shots : 4 - Penalty Minutes : 6
Devils - Hits : 27 - Faceoff Wins : 44 - Blocked Shots : 23 - Penalty Minutes : 14

Official

Referees : Kelly Sutherland and Reid Anderson
Linesman : Jonathan Deschamps and Brad Kovachik

Game Notes

No Game Note

Finance

Level 1 -- Attendance: 6000 (100.00%) -- Ticket Income $630,000
Level 2 -- Attendance: 5000 (100.00%) -- Ticket Income $225,000
Level 3 -- Attendance: 2000 (100.00%) -- Ticket Income $80,000
Level 4 -- Attendance: 4000 (100.00%) -- Ticket Income $140,000
Luxury Box -- Attendance: 1000 (100.00%) -- Ticket Income $100,000
Game was played at the Continental Airlines Arena.
Total Attendance: 18000 (100.00%)
Total Ticket Income: $1,175,000
Other Income: $575,750
Total Income: $1,750,750

Oilers

5 vs 5 Forward 
   Center                   Left Wing                Right Wing               Time % Phy DF OF 
 1 Auston Matthews          Brad Marchand            Nick Schmaltz            30     0   4  1  
 2 Connor McDavid           Andre Burakovsky         Yanni Gourde             30     0   4  1  
 3 Sam Bennett              J.T. Miller              Sam Reinhart             30     0   4  1  
 4 Radek Faksa              Joel Kiviranta           Alex Belzile             10     0   4  1  

5 vs 5 Defense 
   Defense                  Defense                                           Time % Phy DF OF 
 1 Jared Spurgeon           Rasmus Andersson                                  33     0   4  1  
 2 Morgan Rielly            Ian Cole                                          33     0   4  1  
 3 Matthew Benning          Matt Roy                                          33     0   4  1  
 4 Jared Spurgeon           Rasmus Andersson                                  1      0   4  1  

PowerPlay Forward 
   Center                   Left Wing                Right Wing               Time % Phy DF OF 
 1 Auston Matthews          J.T. Miller              Sam Reinhart             50     0   0  5  
 2 Sam Bennett              Andre Burakovsky         Nick Schmaltz            50     0   0  5  

PowerPlay Defense
   Defense                  Defense                                           Time % Phy DF OF 
 1 Connor McDavid           Brad Marchand                                     60     0   0  5  
 2 Connor McDavid           Yanni Gourde                                      40     0   0  5  

Penalty Kill 4 Players Forward 
   Center                   Wing                     Time % Phy DF OF 
 1 J.T. Miller              Radek Faksa              50     0   5  0  
 2 Yanni Gourde             Joel Kiviranta           50     0   5  0  

Penalty Kill 4 Players Defense
   Defense                  Defense                  Time % Phy DF OF 
 1 Jared Spurgeon           Ian Cole                 50     0   5  0  
 2 Matthew Benning          Matt Roy                 50     0   5  0  

Penalty Kill - 3 Players Forward 
   Forward                                           Time % Phy DF OF 
 1 J.T. Miller                                       50     0   5  0  
 2 Yanni Gourde                                      50     0   5  0  

Penalty Kill - 3 Players Defense
   Defense                  Defense                  Time % Phy DF OF 
 1 Jared Spurgeon           Ian Cole                 50     0   5  0  
 2 Matthew Benning          Matt Roy                 50     0   5  0  

4 vs 4 Forward 
   Center                   Wing                     Time % Phy DF OF 
 1 Connor McDavid           J.T. Miller              50     0   1  4  
 2 Auston Matthews          Nick Schmaltz            50     0   1  4  

4 vs 4 Defense
   Defense                  Defense                  Time % Phy DF OF 
 1 Jared Spurgeon           Rasmus Andersson         50     1   2  2  
 2 Morgan Rielly            Ian Cole                 50     1   2  2  

Last Minutes Offensive
   Center                   Left Wing                Right Wing               Defense                  Defense                  
   Auston Matthews          J.T. Miller              Sam Reinhart             Connor McDavid           Brad Marchand            

Last Minutes Defensive
   Center                   Left Wing                Right Wing               Defense                  Defense                  
   J.T. Miller              Radek Faksa              Yanni Gourde             Jared Spurgeon           Matthew Benning          

Goaltenders
Starting : Connor Hellebuyck        
Backup : Jaroslav Halak           

Extra Forwards
Normal : Connor McDavid, J.T. Miller, Auston Matthews - PP : Auston Matthews, Connor McDavid - PK : Yanni Gourde
Extra Defensemen
Normal : Matthew Benning, Matt Roy, Morgan Rielly - PP : Matthew Benning - PK : Matt Roy, Rasmus Andersson
Penalty Shots
Connor McDavid, Auston Matthews, J.T. Miller, Rasmus Andersson, Matt Roy
Custom OT Lines Forwards
Connor McDavid, Auston Matthews, J.T. Miller, Sam Reinhart, Brad Marchand, Nick Schmaltz, Sam Bennett, Andre Burakovsky, Yanni Gourde, Radek Faksa
Custom OT Lines Defensemen
Jared Spurgeon, Rasmus Andersson, Morgan Rielly, Ian Cole, Matthew Benning

Scratches
Oskar Sundqvist (Healthy)

Devils

5 vs 5 Forward 
   Center                   Left Wing                Right Wing               Time % Phy DF OF 
 1 Tim Stutzle              Phillip Di Giuseppe      Marcus Johansson         32     0   1  4  
 2 Adam Henrique            Rafael Harvey-Pinard     Dylan Guenther           30     0   1  4  
 3 Travis Boyd              Mike Hoffman             Nick Foligno             28     0   2  3  
 4 Mark Jankowski           Derick Brassard          Adam Erne                10     1   3  1  

5 vs 5 Defense 
   Defense                  Defense                                           Time % Phy DF OF 
 1 Dougie Hamilton          Ryan Suter                                        33     1   3  1  
 2 Tyler Myers              Sean Durzi                                        32     1   3  1  
 3 Troy Stecher             Chad Ruhwedel                                     30     1   3  1  
 4 Dougie Hamilton          Sean Durzi                                        5      1   2  2  

PowerPlay Forward 
   Center                   Left Wing                Right Wing               Time % Phy DF OF 
 1 Adam Henrique            Tim Stutzle              Marcus Johansson         70     0   0  5  
 2 Travis Boyd              Mike Hoffman             Rafael Harvey-Pinard     30     0   1  4  

PowerPlay Defense
   Defense                  Defense                                           Time % Phy DF OF 
 1 Dougie Hamilton          Sean Durzi                                        70     0   0  5  
 2 Troy Stecher             Tyler Myers                                       30     0   1  4  

Penalty Kill 4 Players Forward 
   Center                   Wing                     Time % Phy DF OF 
 1 Travis Boyd              Phillip Di Giuseppe      60     0   5  0  
 2 Mark Jankowski           Adam Erne                40     0   5  0  

Penalty Kill 4 Players Defense
   Defense                  Defense                  Time % Phy DF OF 
 1 Ryan Suter               Tyler Myers              60     0   5  0  
 2 Troy Stecher             Chad Ruhwedel            40     0   5  0  

Penalty Kill - 3 Players Forward 
   Forward                                           Time % Phy DF OF 
 1 Travis Boyd                                       60     0   5  0  
 2 Mark Jankowski                                    40     0   5  0  

Penalty Kill - 3 Players Defense
   Defense                  Defense                  Time % Phy DF OF 
 1 Ryan Suter               Tyler Myers              60     0   5  0  
 2 Troy Stecher             Chad Ruhwedel            40     0   5  0  

4 vs 4 Forward 
   Center                   Wing                     Time % Phy DF OF 
 1 Tim Stutzle              Adam Henrique            60     1   2  2  
 2 Travis Boyd              Marcus Johansson         40     1   2  2  

4 vs 4 Defense
   Defense                  Defense                  Time % Phy DF OF 
 1 Dougie Hamilton          Ryan Suter               60     1   2  2  
 2 Tyler Myers              Sean Durzi               40     1   2  2  

Last Minutes Offensive
   Center                   Left Wing                Right Wing               Defense                  Defense                  
   Tim Stutzle              Marcus Johansson         Adam Henrique            Dougie Hamilton          Sean Durzi               

Last Minutes Defensive
   Center                   Left Wing                Right Wing               Defense                  Defense                  
   Adam Henrique            Mark Jankowski           Phillip Di Giuseppe      Tyler Myers              Ryan Suter               

Goaltenders
Starting : Jacob Markstrom          
Backup : James Reimer             

Extra Forwards
Normal : Tim Stutzle, Adam Henrique, Marcus Johansson - PP : Tim Stutzle, Marcus Johansson - PK : Adam Henrique
Extra Defensemen
Normal : Ryan Suter, Tyler Myers, Dougie Hamilton - PP : Ryan Suter - PK : Ryan Suter, Tyler Myers
Penalty Shots
Tim Stutzle, Dougie Hamilton, Adam Erne, Derick Brassard, Marcus Johansson
Custom OT Lines Forwards
Adam Henrique, Tim Stutzle, Marcus Johansson, Rafael Harvey-Pinard, Mike Hoffman, Dylan Guenther, Derick Brassard, Phillip Di Giuseppe, Travis Boyd, Nick Foligno
Custom OT Lines Defensemen
Dougie Hamilton, Sean Durzi, Ryan Suter, Tyler Myers, Troy Stecher

Scratches
Zach Bogosian (Healthy), David Rittich (Healthy)

% Time on Ice - Oilers

Lines # - Real PCT - Wanted PCT - Time Play
Normal Forward
1 - 25% - 30% - 11:13
2 - 28% - 30% - 12:30
3 - 30% - 30% - 13:25
4 - 17% - 10% - 7:43
Normal Defense
1 - 34% - 33% - 15:03
2 - 35% - 33% - 15:30
3 - 32% - 33% - 14:18
4 - 0% - 1% - 0:00
PP Forward
1 - 52% - 50% - 6:25
2 - 48% - 50% - 6:02
PP Defense
1 - 63% - 60% - 7:51
2 - 37% - 40% - 4:36
PK Forward
1 - 51% - 50% - 1:22
2 - 49% - 50% - 1:20
PK Defense
1 - 52% - 50% - 1:24
2 - 48% - 50% - 1:18
PK3 Forward
1 - 0% - 50%
2 - 0% - 50%
PK3 Defense
1 - 0% - 50%
2 - 0% - 50%
44 Forward
1 - 0% - 50%
2 - 0% - 50%
44 Defense
1 - 0% - 50%
2 - 0% - 50%
Last Minute Offensive  - 0:00
Last Minute Defensive  - 0:00
Total
Forward - 60:00
Defense - 60:00

% Time on Ice - Devils

Lines # - Real PCT - Wanted PCT - Time Play
Normal Forward
1 - 28% - 32% - 12:36
2 - 33% - 30% - 14:40
3 - 26% - 28% - 11:32
4 - 13% - 10% - 6:03
Normal Defense
1 - 31% - 33% - 14:02
2 - 32% - 32% - 14:14
3 - 31% - 30% - 14:02
4 - 6% - 5% - 2:33
PP Forward
1 - 64% - 70% - 1:43
2 - 36% - 30% - 0:59
PP Defense
1 - 66% - 70% - 1:47
2 - 34% - 30% - 0:55
PK Forward
1 - 68% - 60% - 7:41
2 - 32% - 40% - 3:34
PK Defense
1 - 67% - 60% - 7:34
2 - 33% - 40% - 3:41
PK3 Forward
1 - 81% - 60% - 0:58
2 - 19% - 40% - 0:14
PK3 Defense
1 - 50% - 60% - 0:36
2 - 50% - 40% - 0:36
44 Forward
1 - 0% - 60%
2 - 0% - 40%
44 Defense
1 - 0% - 60%
2 - 0% - 40%
Last Minute Offensive  - 0:00
Last Minute Defensive  - 0:00
Total
Forward - 60:00
Defense - 60:00

Play-by-Play

1st period


0:01 of 1st period - Auston Matthews wins face-off versus Marcus Johansson in neutral zone.
0:06 of 1st period - Shot by Nick Schmaltz.
0:06 of 1st period - Shot Blocked by Tim Stutzle.
0:11 of 1st period - Off-side.
0:12 of 1st period - Connor McDavid wins face-off versus Adam Henrique in neutral zone.
0:29 of 1st period - Shot by Connor McDavid.
0:29 of 1st period - Goal by Connor McDavid - Oilers : 1 - Devils : 0.
0:30 of 1st period - Sam Bennett wins face-off versus Travis Boyd in neutral zone.
0:30 of 1st period - J.T. Miller is hit by Nick Foligno and loses puck.
0:36 of 1st period - Matt Roy is hit by Chad Ruhwedel and loses puck.
1:01 of 1st period - Shot by Mike Hoffman.
1:01 of 1st period - Shot Misses the Net.
1:31 of 1st period - Tim Stutzle is hit by Auston Matthews and loses puck.
1:48 of 1st period - Shot by Brad Marchand.
1:48 of 1st period - Shot Misses the Net.
1:49 of 1st period - Minor Penalty to Nick Schmaltz for Roughing.
1:50 of 1st period - Adam Henrique wins face-off versus Yanni Gourde in Oilers zone.
1:57 of 1st period - Shot by Sean Durzi.
1:57 of 1st period - Shot Misses the Net.
1:59 of 1st period - Shot by Sean Durzi.
1:59 of 1st period - Stopped by Connor Hellebuyck without a rebound.
2:00 of 1st period - J.T. Miller wins face-off versus Adam Henrique in Oilers zone.
2:12 of 1st period - Adam Henrique is hit by Matthew Benning and loses puck.
2:18 of 1st period - Shot by Dougie Hamilton.
2:18 of 1st period - Goal by Dougie Hamilton - Oilers : 1 - Devils : 1.
2:19 of 1st period - Connor McDavid wins face-off versus Mark Jankowski in neutral zone.
2:24 of 1st period - Shot by Connor McDavid.
2:24 of 1st period - Stopped by Jacob Markstrom without a rebound.
2:25 of 1st period - Connor McDavid wins face-off versus Adam Henrique in Devils zone.
2:25 of 1st period - Connor McDavid is hit by Tyler Myers.
2:27 of 1st period - Shot by Andre Burakovsky.
2:27 of 1st period - Stopped by Jacob Markstrom without a rebound.
2:28 of 1st period - Adam Henrique wins face-off versus Connor McDavid in Devils zone.
2:28 of 1st period - Adam Henrique is hit by Yanni Gourde.
2:51 of 1st period - Icing by Sean Durzi.
2:52 of 1st period - Alex Belzile wins face-off versus Adam Henrique in Devils zone.
2:52 of 1st period - Rasmus Andersson is hit by Sean Durzi and loses puck.
3:09 of 1st period - Shot by Radek Faksa.
3:09 of 1st period - Shot Blocked by Tyler Myers.
4:22 of 1st period - Icing by Matt Roy.
4:23 of 1st period - Auston Matthews wins face-off versus Nick Foligno in Oilers zone.
4:43 of 1st period - Off-side.
4:44 of 1st period - Mark Jankowski wins face-off versus Sam Reinhart in neutral zone.
5:10 of 1st period - Off-side.
5:11 of 1st period - Connor McDavid wins face-off versus Tim Stutzle in neutral zone.
5:20 of 1st period - Shot by Yanni Gourde.
5:20 of 1st period - Stopped by Jacob Markstrom with a rebound.
5:26 of 1st period - Ryan Suter is hit by Connor McDavid and loses puck.
5:33 of 1st period - Shot by Tim Stutzle.
5:33 of 1st period - Shot Blocked by Jared Spurgeon.
5:34 of 1st period - Minor Penalty to Jared Spurgeon for Tripping.
5:35 of 1st period - Travis Boyd wins face-off versus J.T. Miller in Oilers zone.
5:48 of 1st period - Matt Roy is hit by Rafael Harvey-Pinard and loses puck.
6:51 of 1st period - Icing by Sean Durzi.
6:52 of 1st period - J.T. Miller wins face-off versus Adam Henrique in Devils zone.
7:10 of 1st period - Icing by Sean Durzi.
7:11 of 1st period - Adam Henrique wins face-off versus Yanni Gourde in Devils zone.
7:11 of 1st period - Adam Henrique is hit by Yanni Gourde.
8:20 of 1st period - Icing by Adam Erne.
8:21 of 1st period - Mark Jankowski wins face-off versus Connor McDavid in Devils zone.
8:46 of 1st period - Shot by Connor McDavid.
8:46 of 1st period - Shot Blocked by Chad Ruhwedel.
8:48 of 1st period - Shot by Connor McDavid.
8:48 of 1st period - Shot Blocked by Chad Ruhwedel.
8:50 of 1st period - Shot by Matthew Benning.
8:50 of 1st period - Stopped by Jacob Markstrom without a rebound.
8:51 of 1st period - Sam Bennett wins face-off versus Rafael Harvey-Pinard in Devils zone.
8:56 of 1st period - Shot by Sam Reinhart.
8:56 of 1st period - Shot Misses the Net.
9:25 of 1st period - Dougie Hamilton is hit by Sam Bennett and loses puck.
9:41 of 1st period - Minor Penalty to Sam Bennett for Tripping.
9:42 of 1st period - Yanni Gourde wins face-off versus Adam Henrique in Oilers zone.
9:51 of 1st period - Shot by Sean Durzi.
9:51 of 1st period - Stopped by Connor Hellebuyck without a rebound.
9:52 of 1st period - Travis Boyd wins face-off versus Yanni Gourde in Oilers zone.
9:55 of 1st period - Shot by Mike Hoffman.
9:55 of 1st period - Goal by Mike Hoffman - Oilers : 1 - Devils : 2.
9:56 of 1st period - Connor McDavid wins face-off versus Tim Stutzle in neutral zone.
10:23 of 1st period - Icing by Tyler Myers.
10:24 of 1st period - Sam Bennett wins face-off versus Tim Stutzle in Devils zone.
10:28 of 1st period - Minor Penalty to Sean Durzi for Roughing.
10:29 of 1st period - Auston Matthews wins face-off versus Travis Boyd in Devils zone.
10:32 of 1st period - Shot by Brad Marchand.
10:32 of 1st period - Shot Hit the Post.
10:34 of 1st period - Shot by Auston Matthews.
10:34 of 1st period - Stopped by Jacob Markstrom without a rebound.
10:35 of 1st period - Phillip Di Giuseppe wins face-off versus Sam Bennett in Devils zone.
10:45 of 1st period - Sam Bennett is hit by Troy Stecher.
10:49 of 1st period - Shot by Nick Schmaltz.
10:49 of 1st period - Shot Misses the Net.
11:13 of 1st period - Shot by Connor McDavid.
11:13 of 1st period - Stopped by Jacob Markstrom without a rebound.
11:14 of 1st period - Adam Erne wins face-off versus Auston Matthews in Devils zone.
11:49 of 1st period - Shot by Sam Reinhart.
11:49 of 1st period - Stopped by Jacob Markstrom with a rebound.
11:51 of 1st period - Shot by Sam Reinhart.
11:51 of 1st period - Stopped by Jacob Markstrom without a rebound.
11:52 of 1st period - Travis Boyd wins face-off versus Sam Bennett in Devils zone.
12:05 of 1st period - Shot by Brad Marchand.
12:05 of 1st period - Shot Blocked by Chad Ruhwedel.
12:07 of 1st period - Shot by Matthew Benning.
12:07 of 1st period - Shot Misses the Net.
12:09 of 1st period - Shot by Andre Burakovsky.
12:09 of 1st period - Stopped by Jacob Markstrom without a rebound.
12:10 of 1st period - Auston Matthews wins face-off versus Travis Boyd in Devils zone.
12:26 of 1st period - Icing by Brad Marchand.
12:27 of 1st period - Mark Jankowski wins face-off versus Sam Reinhart in Oilers zone.
12:57 of 1st period - Shot by Joel Kiviranta.
12:57 of 1st period - Stopped by Jacob Markstrom with a rebound.
13:00 of 1st period - Icing by Sean Durzi.
13:01 of 1st period - Sam Bennett wins face-off versus Dylan Guenther in Devils zone.
13:01 of 1st period - Sam Bennett is hit by Sean Durzi.
13:08 of 1st period - Dougie Hamilton is hit by Rasmus Andersson and loses puck.
13:16 of 1st period - Adam Henrique is hit by Rasmus Andersson and loses puck.
13:45 of 1st period - Shot by Mike Hoffman.
13:45 of 1st period - Stopped by Connor Hellebuyck without a rebound.
13:46 of 1st period - Tim Stutzle wins face-off versus Connor McDavid in Oilers zone.
14:08 of 1st period - Icing by Dougie Hamilton.
14:09 of 1st period - Tim Stutzle wins face-off versus Nick Schmaltz in Devils zone.
14:16 of 1st period - Shot by Tim Stutzle.
14:16 of 1st period - Goal by Tim Stutzle - Oilers : 1 - Devils : 3.
14:17 of 1st period - Auston Matthews wins face-off versus Travis Boyd in neutral zone.
14:22 of 1st period - Shot by Brad Marchand.
14:22 of 1st period - Stopped by Jacob Markstrom without a rebound.
14:23 of 1st period - Connor McDavid wins face-off versus Travis Boyd in Devils zone.
15:06 of 1st period - Tyler Myers is hit by Yanni Gourde and loses puck.
15:40 of 1st period - Off-side.
15:41 of 1st period - Sam Bennett wins face-off versus Tim Stutzle in neutral zone.
15:53 of 1st period - Shot by Marcus Johansson.
15:53 of 1st period - Stopped by Connor Hellebuyck with a rebound.
17:02 of 1st period - Shot by Adam Henrique.
17:02 of 1st period - Shot Misses the Net.
17:04 of 1st period - Shot by Chad Ruhwedel.
17:04 of 1st period - Stopped by Connor Hellebuyck without a rebound.
17:05 of 1st period - Mark Jankowski wins face-off versus Connor McDavid in Oilers zone.
17:22 of 1st period - Shot by Mark Jankowski.
17:22 of 1st period - Deflect By Derick Brassard.
17:22 of 1st period - Stopped by Connor Hellebuyck with a rebound.
17:24 of 1st period - Shot by Adam Erne.
17:24 of 1st period - Shot Blocked by Matt Roy.
17:26 of 1st period - Shot by Adam Erne.
17:26 of 1st period - Stopped by Connor Hellebuyck without a rebound.
17:27 of 1st period - Radek Faksa wins face-off versus Adam Henrique in Oilers zone.
17:55 of 1st period - Shot by Adam Henrique.
17:55 of 1st period - Shot Misses the Net.
18:35 of 1st period - Shot by Connor McDavid.
18:35 of 1st period - Shot Blocked by Ryan Suter.
18:52 of 1st period - Icing by Ryan Suter.
18:53 of 1st period - Travis Boyd wins face-off versus Auston Matthews in Devils zone.
18:57 of 1st period - Dougie Hamilton is hit by Matthew Benning and loses puck.
19:14 of 1st period - Shot by Nick Schmaltz.
19:14 of 1st period - Stopped by Jacob Markstrom with a rebound.
19:22 of 1st period - Shot by Marcus Johansson.
19:22 of 1st period - Shot Misses the Net.
19:24 of 1st period - Shot by Phillip Di Giuseppe.
19:24 of 1st period - Stopped by Connor Hellebuyck without a rebound.
19:25 of 1st period - Sam Bennett wins face-off versus Adam Henrique in Oilers zone.
19:49 of 1st period - Icing by Sean Durzi.
19:50 of 1st period - Adam Henrique wins face-off versus Connor McDavid in Devils zone.
Goals for this period are 1 for Oilers vs 3 for Devils.
Shots for this period are 13 for Oilers vs 11 for Devils.

2nd period


0:01 of 2nd period - Tim Stutzle wins face-off versus Sam Bennett in neutral zone.
0:18 of 2nd period - Shot by J.T. Miller.
0:18 of 2nd period - Stopped by Jacob Markstrom with a rebound.
0:20 of 2nd period - Shot by Sam Bennett.
0:20 of 2nd period - Stopped by Jacob Markstrom with a rebound.
0:22 of 2nd period - Shot by Matt Roy.
0:22 of 2nd period - Shot Misses the Net.
0:42 of 2nd period - J.T. Miller is hit by Chad Ruhwedel and loses puck.
1:31 of 2nd period - Shot by Nick Schmaltz.
1:31 of 2nd period - Goal by Nick Schmaltz - Oilers : 2 - Devils : 3.
1:32 of 2nd period - Connor McDavid wins face-off versus Adam Henrique in neutral zone.
2:02 of 2nd period - Connor McDavid is hit by Sean Durzi and loses puck.
2:31 of 2nd period - Off-side.
2:32 of 2nd period - Travis Boyd wins face-off versus Sam Bennett in neutral zone.
3:12 of 2nd period - Ryan Suter is hit by Sam Reinhart and loses puck.
3:33 of 2nd period - Shot by Brad Marchand.
3:33 of 2nd period - Stopped by Jacob Markstrom without a rebound.
3:34 of 2nd period - Radek Faksa wins face-off versus Tim Stutzle in Devils zone.
3:56 of 2nd period - Shot by Radek Faksa.
3:56 of 2nd period - Stopped by Jacob Markstrom with a rebound.
3:58 of 2nd period - Shot by Alex Belzile.
3:58 of 2nd period - Shot Misses the Net.
4:02 of 2nd period - Shot by Joel Kiviranta.
4:02 of 2nd period - Stopped by Jacob Markstrom without a rebound.
4:03 of 2nd period - Adam Henrique wins face-off versus Brad Marchand in Devils zone.
4:11 of 2nd period - Shot by Auston Matthews.
4:11 of 2nd period - Stopped by Jacob Markstrom without a rebound.
4:12 of 2nd period - Connor McDavid wins face-off versus Mark Jankowski in Devils zone.
4:12 of 2nd period - Connor McDavid is hit by Tyler Myers.
4:15 of 2nd period - Minor Penalty to Tyler Myers for Elbowing.
4:16 of 2nd period - Travis Boyd wins face-off versus Sam Bennett in Devils zone.
4:16 of 2nd period - Travis Boyd is hit by Andre Burakovsky.
4:44 of 2nd period - Shot by Brad Marchand.
4:44 of 2nd period - Shot Blocked by Troy Stecher.
4:46 of 2nd period - Shot by Sam Bennett.
4:46 of 2nd period - Deflect By Andre Burakovsky.
4:46 of 2nd period - Stopped by Jacob Markstrom without a rebound.
4:47 of 2nd period - Travis Boyd wins face-off versus Auston Matthews in Devils zone.
4:52 of 2nd period - Connor McDavid is hit by Travis Boyd and loses puck.
6:02 of 2nd period - Icing by Matthew Benning.
6:03 of 2nd period - Sam Bennett wins face-off versus Adam Henrique in Oilers zone.
6:20 of 2nd period - Shot by Radek Faksa.
6:20 of 2nd period - Stopped by Jacob Markstrom without a rebound.
6:21 of 2nd period - Mark Jankowski wins face-off versus Radek Faksa in Devils zone.
6:38 of 2nd period - Mark Jankowski is hit by Joel Kiviranta and loses puck.
6:45 of 2nd period - Shot by Radek Faksa.
6:45 of 2nd period - Stopped by Jacob Markstrom with a rebound.
6:47 of 2nd period - Shot by Alex Belzile.
6:47 of 2nd period - Shot Misses the Net.
6:49 of 2nd period - Shot by Alex Belzile.
6:49 of 2nd period - Deflect By Radek Faksa.
6:49 of 2nd period - Shot Blocked by Derick Brassard.
6:51 of 2nd period - Shot by Ian Cole.
6:51 of 2nd period - Stopped by Jacob Markstrom with a rebound.
6:59 of 2nd period - Shot by Ian Cole.
6:59 of 2nd period - Shot Misses the Net.
7:06 of 2nd period - Icing by Tyler Myers.
7:07 of 2nd period - Mark Jankowski wins face-off versus Andre Burakovsky in Devils zone.
7:07 of 2nd period - Mark Jankowski is hit by Yanni Gourde.
7:12 of 2nd period - Minor Penalty to Sean Durzi for Slashing.
7:13 of 2nd period - Travis Boyd wins face-off versus J.T. Miller in Devils zone.
7:13 of 2nd period - Chad Ruhwedel is hit by J.T. Miller and loses puck.
7:26 of 2nd period - Shot by Brad Marchand.
7:26 of 2nd period - Stopped by Jacob Markstrom without a rebound.
7:27 of 2nd period - Sam Bennett wins face-off versus Travis Boyd in Devils zone.
7:36 of 2nd period - Shot by Brad Marchand.
7:36 of 2nd period - Stopped by Jacob Markstrom without a rebound.
7:37 of 2nd period - Auston Matthews wins face-off versus Travis Boyd in Devils zone.
7:44 of 2nd period - Shot by Auston Matthews.
7:44 of 2nd period - Shot Misses the Net.
8:01 of 2nd period - Icing by Connor McDavid.
8:02 of 2nd period - Auston Matthews wins face-off versus Phillip Di Giuseppe in Oilers zone.
8:19 of 2nd period - Shot by J.T. Miller.
8:19 of 2nd period - Shot Misses the Net.
8:21 of 2nd period - Shot by Connor McDavid.
8:21 of 2nd period - Stopped by Jacob Markstrom without a rebound.
8:22 of 2nd period - Sam Bennett wins face-off versus Travis Boyd in Devils zone.
9:20 of 2nd period - Sean Durzi is hit by Rasmus Andersson and loses puck.
9:37 of 2nd period - Shot by Joel Kiviranta.
9:37 of 2nd period - Shot Misses the Net.
9:39 of 2nd period - Shot by Alex Belzile.
9:39 of 2nd period - Stopped by Jacob Markstrom without a rebound.
9:40 of 2nd period - Sam Bennett wins face-off versus Mark Jankowski in Devils zone.
10:24 of 2nd period - Icing by Sam Reinhart.
10:25 of 2nd period - Sam Bennett wins face-off versus Travis Boyd in Oilers zone.
11:04 of 2nd period - Shot by Auston Matthews.
11:04 of 2nd period - Goal by Auston Matthews - Oilers : 3 - Devils : 3.
11:05 of 2nd period - Tim Stutzle wins face-off versus Connor McDavid in neutral zone.
11:28 of 2nd period - Shot by Marcus Johansson.
11:28 of 2nd period - Shot Misses the Net.
11:30 of 2nd period - Shot by Tyler Myers.
11:30 of 2nd period - Stopped by Connor Hellebuyck without a rebound.
11:31 of 2nd period - Adam Henrique wins face-off versus Radek Faksa in Oilers zone.
12:08 of 2nd period - Icing by Ryan Suter.
12:09 of 2nd period - Yanni Gourde wins face-off versus Adam Henrique in Devils zone.
12:09 of 2nd period - Connor McDavid is hit by Ryan Suter and loses puck.
12:24 of 2nd period - Shot by Andre Burakovsky.
12:24 of 2nd period - Shot Misses the Net.
12:37 of 2nd period - Minor Penalty to Ryan Suter for Cross-checking.
12:38 of 2nd period - Auston Matthews wins face-off versus Travis Boyd in Devils zone.
12:43 of 2nd period - Shot by Sam Reinhart.
12:43 of 2nd period - Shot Misses the Net.
12:45 of 2nd period - Shot by Auston Matthews.
12:45 of 2nd period - Shot Misses the Net.
12:47 of 2nd period - Shot by Brad Marchand.
12:47 of 2nd period - Shot Misses the Net.
12:49 of 2nd period - Shot by Connor McDavid.
12:49 of 2nd period - Shot Misses the Net.
13:29 of 2nd period - Icing by Nick Schmaltz.
13:30 of 2nd period - Travis Boyd wins face-off versus Sam Bennett in Oilers zone.
13:33 of 2nd period - Shot by Phillip Di Giuseppe.
13:33 of 2nd period - Shot Misses the Net.
14:09 of 2nd period - Shot by Nick Schmaltz.
14:09 of 2nd period - Shot Misses the Net.
14:52 of 2nd period - Shot by Adam Henrique.
14:52 of 2nd period - Shot Blocked by Radek Faksa.
15:11 of 2nd period - Dylan Guenther is hit by Morgan Rielly and loses puck.
15:23 of 2nd period - Ian Cole is hit by Derick Brassard.
16:19 of 2nd period - Shot by J.T. Miller.
16:19 of 2nd period - Stopped by Jacob Markstrom with a rebound.
16:24 of 2nd period - Icing by Troy Stecher.
16:25 of 2nd period - Travis Boyd wins face-off versus Connor McDavid in Devils zone.
16:29 of 2nd period - Icing by Mike Hoffman.
16:30 of 2nd period - Connor McDavid wins face-off versus Travis Boyd in Devils zone.
16:36 of 2nd period - Icing by Troy Stecher.
16:37 of 2nd period - Travis Boyd wins face-off versus Connor McDavid in Devils zone.
18:13 of 2nd period - Icing by Sean Durzi.
18:14 of 2nd period - Adam Henrique wins face-off versus Sam Bennett in Devils zone.
18:25 of 2nd period - Shot by Sam Reinhart.
18:25 of 2nd period - Stopped by Jacob Markstrom with a rebound.
18:27 of 2nd period - Shot by Sam Bennett.
18:27 of 2nd period - Stopped by Jacob Markstrom without a rebound.
18:28 of 2nd period - Travis Boyd wins face-off versus Radek Faksa in Devils zone.
18:32 of 2nd period - Off-side.
18:33 of 2nd period - Tim Stutzle wins face-off versus Sam Bennett in neutral zone.
18:35 of 2nd period - Dougie Hamilton is hit by Morgan Rielly and loses puck.
19:11 of 2nd period - Shot by J.T. Miller.
19:11 of 2nd period - Shot Misses the Net.
19:13 of 2nd period - Shot by J.T. Miller.
19:13 of 2nd period - Deflect By Sam Reinhart.
19:13 of 2nd period - Shot Blocked by Dougie Hamilton.
19:15 of 2nd period - Shot by Ian Cole.
19:15 of 2nd period - Shot Blocked by Dougie Hamilton.
19:41 of 2nd period - Shot by Auston Matthews.
19:41 of 2nd period - Stopped by Jacob Markstrom without a rebound.
19:42 of 2nd period - Adam Henrique wins face-off versus Connor McDavid in Devils zone.
19:42 of 2nd period - Adam Henrique is hit by Andre Burakovsky.
19:59 of 2nd period - Yanni Gourde is hit by Sean Durzi and loses puck.
Goals for this period are 2 for Oilers vs 0 for Devils.
Shots for this period are 20 for Oilers vs 1 for Devils.

3rd period


0:01 of 3rd period - Marcus Johansson wins face-off versus Brad Marchand in neutral zone.
0:12 of 3rd period - Shot by Nick Schmaltz.
0:12 of 3rd period - Shot Misses the Net.
0:14 of 3rd period - Shot by Rasmus Andersson.
0:14 of 3rd period - Stopped by Jacob Markstrom without a rebound.
0:15 of 3rd period - Sam Bennett wins face-off versus Travis Boyd in Devils zone.
0:16 of 3rd period - Shot by J.T. Miller.
0:16 of 3rd period - Deflect By Sam Reinhart.
0:16 of 3rd period - Stopped by Jacob Markstrom with a rebound.
0:22 of 3rd period - Shot by Sam Bennett.
0:22 of 3rd period - Shot Misses the Net.
0:50 of 3rd period - Tyler Myers is hit by J.T. Miller.
0:53 of 3rd period - Nick Foligno is hit by J.T. Miller.
1:12 of 3rd period - Icing by Chad Ruhwedel.
1:13 of 3rd period - Auston Matthews wins face-off versus Tim Stutzle in Devils zone.
1:14 of 3rd period - Shot by Brad Marchand.
1:14 of 3rd period - Shot Blocked by Chad Ruhwedel.
1:16 of 3rd period - Shot by Ian Cole.
1:16 of 3rd period - Shot Misses the Net.
1:18 of 3rd period - Shot by Nick Schmaltz.
1:18 of 3rd period - Stopped by Jacob Markstrom without a rebound.
1:19 of 3rd period - Adam Henrique wins face-off versus Auston Matthews in Devils zone.
1:25 of 3rd period - Adam Henrique is hit by Jared Spurgeon and loses puck.
1:38 of 3rd period - Shot by Rafael Harvey-Pinard.
1:38 of 3rd period - Stopped by Connor Hellebuyck without a rebound.
1:39 of 3rd period - Tim Stutzle wins face-off versus Connor McDavid in Oilers zone.
2:11 of 3rd period - Minor Penalty to Chad Ruhwedel for Tripping.
2:12 of 3rd period - Auston Matthews wins face-off versus Travis Boyd in Devils zone.
2:19 of 3rd period - Shot by Auston Matthews.
2:19 of 3rd period - Stopped by Jacob Markstrom without a rebound.
2:20 of 3rd period - Auston Matthews wins face-off versus Travis Boyd in Devils zone.
2:23 of 3rd period - Shot by Brad Marchand.
2:23 of 3rd period - Stopped by Jacob Markstrom with a rebound.
2:25 of 3rd period - Shot by Sam Reinhart.
2:25 of 3rd period - Shot Misses the Net.
2:27 of 3rd period - Shot by Auston Matthews.
2:27 of 3rd period - Deflect By J.T. Miller.
2:27 of 3rd period - Stopped by Jacob Markstrom without a rebound.
2:28 of 3rd period - Travis Boyd wins face-off versus Auston Matthews in Devils zone.
2:44 of 3rd period - Minor Penalty to Adam Erne for Interference.
2:45 of 3rd period - Sam Bennett wins face-off versus Travis Boyd in Devils zone.
2:46 of 3rd period - Shot by Nick Schmaltz.
2:46 of 3rd period - Stopped by Jacob Markstrom without a rebound.
2:47 of 3rd period - Travis Boyd wins face-off versus Sam Bennett in Devils zone.
3:00 of 3rd period - Travis Boyd is hit by Sam Bennett.
3:22 of 3rd period - Shot by Nick Schmaltz.
3:22 of 3rd period - Shot Misses the Net.
3:24 of 3rd period - Shot by Connor McDavid.
3:24 of 3rd period - Shot Misses the Net.
3:48 of 3rd period - Shot by Sam Reinhart.
3:48 of 3rd period - Deflect By Auston Matthews.
3:48 of 3rd period - Stopped by Jacob Markstrom without a rebound.
3:49 of 3rd period - Auston Matthews wins face-off versus Travis Boyd in Devils zone.
3:54 of 3rd period - Shot by J.T. Miller.
3:54 of 3rd period - Shot Misses the Net.
3:56 of 3rd period - Shot by J.T. Miller.
3:56 of 3rd period - Goal by J.T. Miller - Oilers : 4 - Devils : 3.
3:57 of 3rd period - Travis Boyd wins face-off versus Auston Matthews in neutral zone.
4:52 of 3rd period - Shot by Rasmus Andersson.
4:52 of 3rd period - Shot Blocked by Sean Durzi.
5:09 of 3rd period - Shot by Radek Faksa.
5:09 of 3rd period - Stopped by Jacob Markstrom without a rebound.
5:10 of 3rd period - Adam Henrique wins face-off versus Sam Bennett in Devils zone.
5:31 of 3rd period - J.T. Miller is hit by Chad Ruhwedel.
5:43 of 3rd period - Shot by J.T. Miller.
5:43 of 3rd period - Shot Blocked by Adam Henrique.
5:54 of 3rd period - Minor Penalty to Rafael Harvey-Pinard for Hooking.
5:55 of 3rd period - Andre Burakovsky wins face-off versus Travis Boyd in Devils zone.
6:08 of 3rd period - Shot by Brad Marchand.
6:08 of 3rd period - Shot Blocked by Travis Boyd.
7:17 of 3rd period - Off-side.
7:18 of 3rd period - Mark Jankowski wins face-off versus Auston Matthews in neutral zone.
7:35 of 3rd period - Shot by Connor McDavid.
7:35 of 3rd period - Stopped by Jacob Markstrom with a rebound.
7:41 of 3rd period - Shot by Nick Schmaltz.
7:41 of 3rd period - Shot Blocked by Ryan Suter.
8:06 of 3rd period - Shot by Alex Belzile.
8:06 of 3rd period - Shot Misses the Net.
8:50 of 3rd period - Shot by Mark Jankowski.
8:50 of 3rd period - Shot Blocked by Rasmus Andersson.
8:52 of 3rd period - Shot by Troy Stecher.
8:52 of 3rd period - Goal by Troy Stecher - Oilers : 4 - Devils : 4.
8:53 of 3rd period - Sam Bennett wins face-off versus Travis Boyd in neutral zone.
9:14 of 3rd period - Shot by Mike Hoffman.
9:14 of 3rd period - Goal by Mike Hoffman - Oilers : 4 - Devils : 5.
9:15 of 3rd period - Adam Erne wins face-off versus Yanni Gourde in neutral zone.
9:15 of 3rd period - Derick Brassard is hit by Connor McDavid and loses puck.
9:26 of 3rd period - Shot by Connor McDavid.
9:26 of 3rd period - Shot Misses the Net.
9:28 of 3rd period - Shot by Connor McDavid.
9:28 of 3rd period - Stopped by Jacob Markstrom without a rebound.
9:29 of 3rd period - Auston Matthews wins face-off versus Tim Stutzle in Devils zone.
9:29 of 3rd period - Brad Marchand is hit by Tyler Myers and loses puck.
9:40 of 3rd period - Shot by Auston Matthews.
9:40 of 3rd period - Stopped by Jacob Markstrom with a rebound.
9:42 of 3rd period - Shot by Matthew Benning.
9:42 of 3rd period - Stopped by Jacob Markstrom without a rebound.
9:43 of 3rd period - Connor McDavid wins face-off versus Adam Henrique in Devils zone.
9:43 of 3rd period - Andre Burakovsky is hit by Dougie Hamilton and loses puck.
10:39 of 3rd period - Icing by Tyler Myers.
10:40 of 3rd period - Auston Matthews wins face-off versus Tim Stutzle in Devils zone.
10:55 of 3rd period - Shot by Nick Schmaltz.
10:55 of 3rd period - Deflect By Auston Matthews.
10:55 of 3rd period - Shot Misses the Net.
11:03 of 3rd period - Shot by Auston Matthews.
11:03 of 3rd period - Stopped by Jacob Markstrom without a rebound.
11:04 of 3rd period - Travis Boyd wins face-off versus Sam Bennett in Devils zone.
11:28 of 3rd period - Shot by Sam Reinhart.
11:28 of 3rd period - Stopped by Jacob Markstrom with a rebound.
11:30 of 3rd period - Shot by J.T. Miller.
11:30 of 3rd period - Stopped by Jacob Markstrom with a rebound.
11:38 of 3rd period - Shot by Sam Bennett.
11:38 of 3rd period - Stopped by Jacob Markstrom with a rebound.
11:40 of 3rd period - Shot by Jared Spurgeon.
11:40 of 3rd period - Shot Misses the Net.
11:42 of 3rd period - Shot by J.T. Miller.
11:42 of 3rd period - Shot Blocked by Troy Stecher.
11:44 of 3rd period - Shot by Rasmus Andersson.
11:44 of 3rd period - Shot Blocked by Troy Stecher.
12:09 of 3rd period - Shot by Nick Schmaltz.
12:09 of 3rd period - Stopped by Jacob Markstrom without a rebound.
12:10 of 3rd period - Connor McDavid wins face-off versus Tim Stutzle in Devils zone.
12:25 of 3rd period - Tyler Myers is hit by Yanni Gourde and loses puck.
13:04 of 3rd period - Icing by Tyler Myers.
13:05 of 3rd period - Tim Stutzle wins face-off versus Auston Matthews in Devils zone.
13:14 of 3rd period - Shot by Nick Schmaltz.
13:14 of 3rd period - Stopped by Jacob Markstrom without a rebound.
13:15 of 3rd period - Sam Bennett wins face-off versus Adam Henrique in Devils zone.
13:27 of 3rd period - Adam Henrique is hit by Rasmus Andersson and loses puck.
13:39 of 3rd period - J.T. Miller is hit by Ryan Suter and loses puck.
13:52 of 3rd period - Shot by J.T. Miller.
13:52 of 3rd period - Shot Misses the Net.
13:54 of 3rd period - Shot by Sam Reinhart.
13:54 of 3rd period - Stopped by Jacob Markstrom without a rebound.
13:55 of 3rd period - Auston Matthews wins face-off versus Nick Foligno in Devils zone.
14:00 of 3rd period - Shot by Auston Matthews.
14:00 of 3rd period - Shot Misses the Net.
14:16 of 3rd period - Shot by Mike Hoffman.
14:16 of 3rd period - Shot Misses the Net.
14:18 of 3rd period - Shot by Chad Ruhwedel.
14:18 of 3rd period - Stopped by Connor Hellebuyck with a rebound.
14:20 of 3rd period - Shot by Nick Foligno.
14:20 of 3rd period - Shot Misses the Net.
14:54 of 3rd period - Shot by Mark Jankowski.
14:54 of 3rd period - Shot Misses the Net.
15:04 of 3rd period - Shot by Mark Jankowski.
15:04 of 3rd period - Shot Misses the Net.
16:02 of 3rd period - Sam Bennett is hit by Dougie Hamilton and loses puck.
16:23 of 3rd period - Shot by Adam Henrique.
16:23 of 3rd period - Shot Misses the Net.
16:30 of 3rd period - J.T. Miller is hit by Chad Ruhwedel and loses puck.
16:59 of 3rd period - Shot by Auston Matthews.
16:59 of 3rd period - Shot Blocked by Chad Ruhwedel.
17:01 of 3rd period - Shot by Auston Matthews.
17:01 of 3rd period - Shot Blocked by Troy Stecher.
17:05 of 3rd period - Shot by Auston Matthews.
17:05 of 3rd period - Shot Misses the Net.
17:07 of 3rd period - Shot by Matt Roy.
17:07 of 3rd period - Shot Misses the Net.
17:09 of 3rd period - Shot by Auston Matthews.
17:09 of 3rd period - Deflect By Nick Schmaltz.
17:09 of 3rd period - Shot Misses the Net.
17:27 of 3rd period - Shot by Alex Belzile.
17:27 of 3rd period - Shot Misses the Net.
17:29 of 3rd period - Shot by Alex Belzile.
17:29 of 3rd period - Shot Misses the Net.
17:31 of 3rd period - Shot by Radek Faksa.
17:31 of 3rd period - Stopped by Jacob Markstrom with a rebound.
17:33 of 3rd period - Shot by Ian Cole.
17:33 of 3rd period - Shot Misses the Net.
17:35 of 3rd period - Shot by Joel Kiviranta.
17:35 of 3rd period - Stopped by Jacob Markstrom with a rebound.
17:37 of 3rd period - Shot by Ian Cole.
17:37 of 3rd period - Shot Misses the Net.
17:39 of 3rd period - Shot by Alex Belzile.
17:39 of 3rd period - Shot Misses the Net.
17:41 of 3rd period - Shot by Ian Cole.
17:41 of 3rd period - Shot Blocked by Troy Stecher.
18:17 of 3rd period - Shot by Rasmus Andersson.
18:17 of 3rd period - Stopped by Jacob Markstrom with a rebound.
18:19 of 3rd period - Shot by Rasmus Andersson.
18:19 of 3rd period - Stopped by Jacob Markstrom without a rebound.
18:20 of 3rd period - Sam Bennett wins face-off versus Travis Boyd in Devils zone.
18:20 of 3rd period - Sam Reinhart is hit by Sean Durzi and loses puck.
18:27 of 3rd period - Shot by J.T. Miller.
18:27 of 3rd period - Deflect By Sam Reinhart.
18:27 of 3rd period - Shot Misses the Net.
18:41 of 3rd period - Shot by Sam Bennett.
18:41 of 3rd period - Shot Blocked by Sean Durzi.
18:45 of 3rd period - Shot by J.T. Miller.
18:45 of 3rd period - Goal by J.T. Miller - Oilers : 5 - Devils : 5.
18:46 of 3rd period - Connor McDavid wins face-off versus Tim Stutzle in neutral zone.
18:56 of 3rd period - Connor McDavid is hit by Dougie Hamilton and loses puck.
19:15 of 3rd period - Shot by Connor McDavid.
19:15 of 3rd period - Stopped by Jacob Markstrom without a rebound.
19:16 of 3rd period - Sam Bennett wins face-off versus Travis Boyd in Devils zone.
19:16 of 3rd period - Sam Bennett is hit by Tyler Myers.
19:19 of 3rd period - Sam Reinhart is hit by Sean Durzi and loses puck.
19:37 of 3rd period - J.T. Miller is hit by Tyler Myers.
19:42 of 3rd period - Sam Reinhart is hit by Tyler Myers.
19:49 of 3rd period - Sam Bennett is hit by Tyler Myers and loses puck.
19:56 of 3rd period - Shot by Sam Bennett.
19:56 of 3rd period - Shot Misses the Net.
19:58 of 3rd period - Shot by Sam Bennett.
19:58 of 3rd period - Shot Blocked by Nick Foligno.
Goals for this period are 2 for Oilers vs 2 for Devils.
Shots for this period are 27 for Oilers vs 4 for Devils.

Overtime #1


0:01 of 1st overtime period - Auston Matthews wins face-off versus Adam Henrique in neutral zone.
0:06 of 1st overtime period - Shot by Auston Matthews.
0:06 of 1st overtime period - Shot Blocked by Dougie Hamilton.
0:08 of 1st overtime period - Shot by Jared Spurgeon.
0:08 of 1st overtime period - Goal by Jared Spurgeon - Oilers : 6 - Devils : 5.
Goals for this period are 1 for Oilers vs 0 for Devils.
Shots for this period are 1 for Oilers vs 0 for Devils.